 Dungeon Crawl Stone Soup version 0.29-a0-1008-g949cc1d0fb (webtiles) character file.

Game seed: 17228036713001955960

220 Zonian the Gusty (level 5, 0/28 HPs)
             Began as a Tengu Air Elementalist on Aug 7, 2022.
             Was a Priest of Lugonu.
             Killed by their own static electricity (1 damage)
             ... on level 3 of the Dungeon.
             The game lasted 00:07:38 (5732 turns).

Zonian the Gusty (Tengu Air Elementalist)           Turns: 5732, Time: 00:07:38

Health: 0/28       AC:  2    Str: 15    XL:     5   Next: 97%
Magic:  6/10       EV: 15    Int: 17    God:    Lugonu [***...]
Gold:   135        SH:  0    Dex: 14    Spells: 7/10 levels left

rFire   . . .      SeeInvis .   u - +2 dagger (drain)
rCold   . . .      Faith    .   (no shield)
rNeg    . . .      Spirit   .   a - +0 robe
rPois   .          Reflect  .   (helmet restricted)
rElec   .          Harm     .   (no cloak)
rCorr   .          Rampage  .   (no gloves)
Will    .....                   (boots unavailable)
Stlth   ++........              (no amulet)
HPRegen 0.09/turn               o - +6 ring of strength
MPRegen 0.12/turn               (no ring)

@: flying quickly and evasively, quick
A: beak, talons 3, nimble flight
a: Renounce Religion, Depart the Abyss, Bend Space, Banish


You were on level 3 of the Dungeon.
You worshipped Lugonu.
Lugonu was most pleased with you.
You visited 1 branch of the dungeon, and saw 4 of its levels.

You collected 135 gold pieces.

Inventory:

Hand Weapons
 c - a +0 short sword
 k - a +0 sling
 u - a +2 dagger of draining (weapon)
 w - a +0 sling
 A - a +0 vorpal war axe
Missiles
 j - a throwing net
Armour
 a - a +0 robe (worn)
 h - a +0 scale mail
Jewellery
 o - a +6 ring of strength (left hand)
 y - a ring of protection from fire
Scrolls
 e - 2 scrolls of butterflies {unknown}
 f - 2 scrolls of teleportation {unknown}
 i - 2 scrolls of enchant armour {unknown}
 l - a scroll of fear {unknown}
 m - 2 scrolls of enchant weapon {unknown}
 p - a scroll of immolation {unknown}
 q - a scroll of torment {unknown}
 s - 2 scrolls of identify {unknown}
 t - a scroll of amnesia {unknown}
 v - a scroll of poison {unknown}
Potions
 d - 2 potions of curing
 g - 2 potions of haste {unknown}
 n - a potion of berserk rage {unknown}
 r - a potion of degeneration {unknown}
 x - a potion of cancellation {unknown}
 z - a potion of lignification {unknown}
 B - a potion of flight {unknown}


   Skills:
 + Level 3.5 Dodging
 + Level 3.3 Stealth
 + Level 3.0 Spellcasting
 + Level 3.3 Conjurations
 + Level 5.2 Air Magic


You had 7 spell levels left.
You knew the following spells:

 Your Spells              Type           Power      Damage    Failure   Level
a - Shock                 Conj/Air       68%        1d7       3%          1
b - Static Discharge      Conj/Air       17%        3-6/arc   4%          2

Your spell library contained the following spells:

 Spells                   Type           Power      Damage    Failure   Level
 Swiftness                Air            20%        N/A       6%          3
 Airstrike                Air            10%        2d(2-18)  21%         4
 Portal Projectile        Hex/Tloc       4%         N/A       45%         3
 Tukima's Dance           Hex            2%         N/A       45%         3
 Blade Hands              Tmut           1%         N/A       99%         5


Dungeon Overview and Level Annotations

Branches:
Dungeon (4/15)
 Temple: D:4-7

Altars:
Lugonu

Annotations:
D:3 3 runed translucent doors, Eustachio; Heh's ghost, amateur OpFi; Newt's ghost, amateur MeGl; SweetJohnnyV's ghost, weakling MiBe; seaofthunder's ghost, weakling HOFi; xian's ghost, amateur FoHu


Innate Abilities, Weirdness & Mutations

You have a beak for a mouth.
You have claws for feet.
Your magical nature lets you fly swiftly and evasively.


Message History

Eustachio blinks!
The zap hits the white imp but does no damage.
The white imp is severely wounded.
The zap misses the river rat.
The zap misses the rat.
The white imp disappears in a puff of smoke!
Unknown command.
Casting: Shock (safe; 3% risk of failure)
Confirm with . or Enter, or press ? or * to list all spells.
Okay, then.
Eustachio barely misses you.
You fly upwards.
The rat disappears in a puff of smoke!
The river rat disappears in a puff of smoke!
Level annotation: 3 runed translucent doors, Heh's ghost, amateur OpFi; Newt's ghost, amateur MeGl; SweetJohnnyV's ghost, weakling MiBe; seaofthunder's ghost, weakling HOFi; xian's ghost, amateur FoHu
There is a stone staircase leading down here.
Magic courses through your body.
Eustachio hits you with a +4 falchion of protection.
Unknown command.
Casting: Shock (safe; 3% risk of failure)
Confirm with . or Enter, or press ? or * to list all spells.
Eustachio is struck by an arc of lightning.
Eustachio is moderately wounded.
You are struck by an arc of lightning.
Eustachio is struck by an arc of lightning!
Eustachio is heavily wounded.
You are struck by an arc of lightning.
The lightning grounds out.
Eustachio mumbles some strange words.
Eustachio blinks!
Unknown command.
You are too injured to fight recklessly!
You are too injured to fight recklessly!
Unknown command.
Eustachio hits you with a +4 falchion of protection!
* * * LOW HITPOINT WARNING * * *
Unknown command.
Casting: Static Discharge (safe; 4% risk of failure)
Confirm with . or Enter, or press ? or * to list all spells.
Eustachio is struck by an arc of lightning.
Eustachio is severely wounded.
You are struck by an arc of lightning.
You die...

.## ######...#.# #.#
.# #.#.#.# #.# .#
#.....# #.# .# ###.###
#.# .# ###.######.# .#
#.......##.#
.##########.......##.#
.................>##.#
.##########.....@....#
.# ###.....@.#### .#
#....(....# .#
#.#.......# .#
#.######### .# #.# .#
#.# .# #.# .########.#


You could see Eustachio.

Vanquished Creatures
  An orc priest (D:3)
  Jessica (D:2)
  An orc wizard (D:3)
  5 adders
  2 worms
  4 dart slugs (D:1)
  7 orcs
  5 endoplasms
  5 giant cockroaches
  7 goblins
  5 hobgoblins
  3 jackals (D:3)
  7 quokkas
  2 ball pythons
  4 bats
  4 frilled lizards
  4 kobolds
  6 rats
73 creatures vanquished.

Notes
Turn   | Place    | Note
-------+----------+-------------------------------------------
     0 | D:1      | Zonian the Tengu Air Elementalist began the quest for the
                  | Orb.
     0 | D:1      | Reached XP level 1. HP: 10/10 MP: 4/4
     4 | D:1      | Found a faded altar of an unknown god.
   158 | D:1      | Prayed at the altar of an unknown god.
   158 | D:1      | Became a worshipper of Lugonu the Unformed
   158 | D:1      | Reached * piety under Lugonu
   158 | D:1      | Reached ** piety under Lugonu
   612 | D:1      | Reached XP level 2. HP: 14/15 MP: 3/6
  1581 | D:1      | Reached XP level 3. HP: 19/19 MP: 4/7
  2704 | D:2      | Reached XP level 4. HP: 24/24 MP: 4/8
  2884 | D:2      | Found a runed translucent door.
  2885 | D:2      | Noticed Crazy Yiuf
  3481 | D:2      | Noticed Jessica
  3484 | D:2      | Killed Jessica
  3643 | D:2      | You fall into a shaft and drop 2 floors!
  3692 | D:3      | Found a runed translucent gate.
  3692 | D:3      | Found a runed translucent gate.
  3692 | D:3      | Found a runed translucent gate.
  3693 | D:3      | Noticed Newt's ghost (amateur MeGl)
  3694 | D:3      | Noticed xian's ghost (amateur FoHu)
  3694 | D:3      | Noticed SweetJohnnyV's ghost (weakling MiBe)
  3695 | D:3      | Noticed seaofthunder's ghost (weakling HOFi)
  3695 | D:3      | Noticed Heh's ghost (amateur OpFi)
  3745 | D:3      | Gained mutation: Your magical nature lets you fly swiftly
                  | and evasively. [Tengu growth]
  3745 | D:3      | Reached XP level 5. HP: 16/28 MP: 2/10
  3779 | D:3      | Reached skill level 5 in Air Magic
  4053 | D:3      | Reached *** piety under Lugonu
  5173 | D:3      | Learned a level 2 spell: Static Discharge
  5703 | D:4      | Noticed Eustachio
  5731 | D:3      | HP: 1/28 [Eustachio/+4 falchion of protection (11)]
  5732 | D:3      | Killed from afar by themself

Illustrated notes

Levels and vault maps discovered:
D:1:      lightli_arrival_chessboard, layout_basic,
          chequers_ecumenical_altar_simple_redux
D:2:      layout_loops_cross, grunt_ministairs_8, kennysheep_generic_room_6,
          uniq_jessica, uniq_crazy_yiuf_cottage
D:3:      layout_loops_ring, gammafunk_ghost_cemetery, minmay_mini_jars
D:4:      layout_basic, elyvilon_altar_3, minmay_misc_feat_enclosed,
          amcnicky_mini_corridor_feature, supply_closet_lemuel, corexii_shack,
          uniq_sigmund, uniq_eustachio, uniq_menkaure

Skill      XL: |  1  2  3  4  5 |
---------------+----------------+-----
Conjurations   | 2 3 |  3.3
Dodging        | 3 |  3.5
Stealth        | 3 |  3.3
Air Magic      | 5 |  5.2
Spellcasting   | 3 |  3.0

Action                   |  1- 3 |  4- 6 || total
-------------------------+-------+-------++-------
Melee: Short sword       |    15 |     1 ||    16
       Kick              |     3 |     1 ||     4
       Unarmed           |     2 |       ||     2
       Peck              |     6 |       ||     6
       Dagger            |       |     7 ||     7
 Cast: Shock             |    77 |    91 ||   168
       Static Discharge  |       |     1 ||     1
Invok: Bend Space        |       |     2 ||     2
  Use: Potion            |       |     2 ||     2
 Stab: Sleeping          |     2 |       ||     2
Armor: Robe              |     2 |     4 ||     6
Dodge: Dodged            |    19 |    36 ||    55

Table legend: (Time is in decaauts)
 A = Elapsed time spent in this place.
 B = Non-inter-level travel time spent in this place.
 C = Inter-level travel time spent in this place.
 D = Time resting spent in this place.
 E = Time spent auto-exploring this place.
 F = Levels seen in this place.
 G = Mean time per level.
                   A        B        C        D        E       F      G
               +--------+--------+--------+--------+--------+-----+--------+
         Total |   5666 |   5565 |    101 |   2178 |   2744 |   4 | 1416.5 |
       Dungeon |   5666 |   5565 |    101 |   2178 |   2744 |   4 | 1416.5 |
               +--------+--------+--------+--------+--------+-----+--------+

Top non-repeatable levels by time:
     D:1: 2189 daAuts
     D:2: 2036 daAuts
     D:3: 1364 daAuts
     D:4: 75 daAuts
